 Dungeon Crawl Stone Soup version 0.21-a0-518-g43a1781 (webtiles) character file.

841282 kiturien the Minotaur Barricade (level 27, -4/273 HPs)
             Began as a Minotaur Fighter on Nov 28, 2017.
             Was the Champion of Wu Jian.
             Killed by a guardian mummy's death curse (15 damage)
             ... on level 3 of the Tomb of the Ancients on Dec 4, 2017.
             The game lasted 08:33:36 (80919 turns).

kiturien the Minotaur Barricade (Minotaur Fighter) Turns: 80919, Time: 08:33:36

Health: -4/273     AC: 48    Str: 30      XL:     27
Magic:  33/33      EV: 28    Int:  4 (5)  God:    Wu Jian [******]
Gold:   2467       SH: 34    Dex: 23      Spells: 26/26 levels left

rFire    + + .     SeeInvis +   P - +9 eudemon blade (holy)
rCold    . . .     Gourm    .   F - +3 large shield of Lace {Str+2 Dex+4}
rNeg     + + +     Faith    .   O - +10 plate armour {MR+}
rPois    +         Spirit   .   n - +2 hat
rElec    .         Reflect  +   U - +2 cloak {rC+}
rCorr    .         Harm     .   W - +2 pair of gloves of the Inquisitive Scars {rC- rN+ Dex+3 Slay+2}
MR       +++..                  k - +2 pair of boots
Stlth    ..........             G - +2 amulet of reflection
HPRegen  0.55/turn              o - ring of Rupsen {rPois rF+ Slay+5 Stlth+}
MPRegen  0.23/turn              t - ring "Zaeve" {Fire rN++}

@: slowed, studying Throwing, very slow
A: retaliatory headbutt, horns 2, thin metallic scales 1, see invisible, cold
resistance 1, sense surroundings 1, subdued magic 1
}: 6/15 runes: barnacled, slimy, silver, obsidian, abyssal, gossamer
a: Serpent's Lash, Heavenly Storm, Renounce Religion


You were on level 3 of the Tomb of the Ancients.
You worshipped Wu Jian.
Wu Jian was exalted by your worship.
You were not hungry.

You visited 14 branches of the dungeon, and saw 64 of its levels.
You visited the Abyss 2 times.
You visited 1 bazaar.
You also visited: Labyrinth, Trove and Ice Cave.

You collected 9823 gold pieces.
You spent 7356 gold pieces at shops.

Inventory:

Hand Weapons
 x - a +9 double sword of flaming
 P - a +9 eudemon blade of holy wrath (weapon)
 Z - a +6 sacred scourge of holy wrath
Missiles
 H - 8 javelins of returning (quivered)
Armour
 k - a +2 pair of boots (worn)
 n - a +2 hat (worn)
 s - the +8 plate armour of Dithmenos's Outrage {rElec rPois rC+}
   (You found it in a treasure trove)

   It protects you from cold.
   It insulates you from electricity.
   It protects you from poison.
 F - the +3 large shield of Lace (worn) {Str+2 Dex+4}
   (You found it on level 8 of the Dungeon)

   It affects your strength (+2).
   It affects your dexterity (+4).
 N - a +2 pair of gloves of dexterity
 O - a +10 plate armour of magic resistance (worn)
 U - a +2 cloak of cold resistance (worn)
 W - the +2 pair of gloves of the Inquisitive Scars (worn) {rC- rN+ Dex+3 Slay+2}
   (You acquired it on level 5 of the Vaults)

   It affects your dexterity (+3).
   It affects your accuracy and damage with ranged weapons and melee attacks
   (+2).
   It makes you vulnerable to cold.
   It protects you from negative energy.
Jewellery
 o - the ring of Rupsen (left hand) {rPois rF+ Slay+5 Stlth+}
   (You took it off a deep elf death mage on level 3 of the Elven Halls)

   [ring of stealth]

   It affects your accuracy and damage with ranged weapons and melee attacks
   (+5).
   It protects you from fire.
   It protects you from poison.
   It makes you more stealthy.
 t - the ring "Zaeve" (right hand) {Fire rN++}
   (You bought it in a shop in a bazaar)

   [ring of fire]

   It enhances your fire magic.
   It protects you from fire.
   It makes you vulnerable to cold.
   It greatly protects you from negative energy.
 z - a +5 ring of intelligence
 G - a +2 amulet of reflection (around neck)
 J - an uncursed ring of protection from magic
Wands
 a - a wand of digging (40)
 j - a wand of flame (187)
 v - a wand of iceblast (9)
 y - a wand of disintegration (76)
 X - a wand of clouds (4)
Scrolls
 b - a scroll of amnesia
 c - 7 scrolls of magic mapping
 h - 26 scrolls of teleportation
 p - 33 scrolls of remove curse
 u - 3 scrolls of fog
 w - 2 scrolls of blinking
 I - 5 scrolls of fear
 K - 9 scrolls of immolation
 R - 2 scrolls of holy word
 S - 4 scrolls of silence
 V - 12 scrolls of identify
Potions
 d - 8 potions of might
 e - 4 potions of haste
 m - a potion of brilliance
 r - 6 potions of agility
 A - 7 potions of curing
 B - 11 potions of mutation
 C - 4 potions of resistance
 D - 3 potions of berserk rage
 L - 4 potions of invisibility
 M - 6 potions of flight
 Q - 4 potions of ambrosia
 T - 4 potions of heal wounds
Books
 Y - a manual of Throwing
Miscellaneous
 l - the horn of Geryon
 E - 2 phantom mirrors
Comestibles
 f - 9 bread rations
 g - 30 meat rations
 i - 60 fruits
 q - 43 royal jellies


   Skills:
 O Level 27 Fighting
 O Level 27 Long Blades
 O Level 27 Armour
 * Level 24.5 Dodging
 O Level 27 Shields
 * Level 15.6 Evocations


You had 26 spell levels left.
You didn't know any spells.

Dungeon Overview and Level Annotations

Branches:
Dungeon (15/15)            Temple (1/1) D:5            Lair (6/6) D:9
 Shoals (4/4) Lair:2       Spider (4/4) Lair:3        Slime (5/5) Lair:6
    Orc (2/2) D:11            Elf (3/3) Orc:2        Vaults (5/5) D:13
  Crypt (3/3) Vaults:2       Tomb (3/3) Crypt:3      Depths (5/5) D:15
   Hell (1/1)                 Dis (0/7) Hell            Geh (7/7) Hell
    Coc (0/7) Hell            Tar (0/7) Hell            Zot (0/5) Depths:5

Altars:
Dithmenos
Fedhas
Hepliaklqana
Nemelex Xobeh
Okawaru
Sif Muna
Trog
Uskayaw
Vehumet
Wu Jian
Xom
Beogh
Jiyva
Lugonu

Shops:
D:5 *:*   D:13 =:   D:14 [   Orc:2 ***[(   Shoals:3 (   Vaults:5 ?!!}=%?!?![

Portals:
Hell: Depths:1 Depths:2 Depths:3 Depths:4 Depths:5
Abyss: Depths:1 Depths:2 Depths:3 Depths:4
Pandemonium: Depths:3 Depths:5
Ziggurat: Depths:4


Innate Abilities, Weirdness & Mutations

You reflexively headbutt those who attack you in melee.
You have a pair of horns on your head.
You are partially covered in thin metallic scales. (AC +2)
You have supernaturally acute eyesight. (SInv)
Your flesh is cold resistant. (rC+)
You passively map a small area around you.
Your spells are a little easier to cast, but a little less powerful.


Message History

The vile air hits you!
The vile air hits the death scarab.
The death scarab completely misses you. You furiously retaliate!
You headbutt the death scarab!
The guardian mummy completely misses you.
You furiously retaliate!
You headbutt the guardian mummy!
The greater mummy calls on the powers of darkness!
Your body is wracked with pain!
* * * LOW HITPOINT WARNING * * *
The death scarab closely misses you.
The guardian mummy completely misses you.
As you read the scroll of holy word, it crumbles to dust.
You speak a Word of immense power!
The death scarab convulses!
You destroy the death scarab!
The Council accepts your kill.
The guardian mummy convulses!
You destroy the guardian mummy!
The Council accepts your kill.
You feel extremely nervous for a moment...
Pain shoots through your body!
You die...

* ######## * *
#§§§...# * , ,
*#ssM)†)#**, ,
,, #§@§†.(# , ,
, ,, #§MsM..#* ,
, #sM§)M.# . ,
...#..8.34#....
, ,
...'..88..'.....
,
...#....?.#.....
,
...#......#.....
, , ..
#......#*.... ,
, *#......#*....
,


You could see a greater mummy, a mummy priest, a sun demon, 3 guardian mummies,
3 ushabtiu, 4 death scarabs and a red devil.

Vanquished Creatures
  Asmodeus (Geh:7)
  the Royal Jelly (Slime:5)
  the Serpent of Hell (Geh:7)
  Khufu (Crypt:1)
  Mennas (Depths:3)
  6 ancient liches
  Mara (Vaults:3)
  Sojobo (Crypt:3)
  17 greater mummies
  A curse toe (Crypt:3)
  Geryon (Hell)
  Bai Suzhen (Crypt:3)
  Margery (Crypt:2)
  A caustic shrike (Depths:3)
  Nikola (Shoals:3)
  9 bone dragons
  25 liches
  A hellephant (Abyss:1)
  17 Brimstone Fiends
  2 tentacled monstrosities
  Jorgrun (Elf:3)
  6 titans
  A shard shrike skeleton (Crypt:3)
  3 deep elf blademasters
  A deep elf master archer (Elf:3)
  20 tentacled starspawn
  8 ancient champions
  An eldritch tentacle (Tomb:2)
  23 acid blobs
  2 quicksilver dragons
  Polyphemus (Shoals:4)
  Kirke (Shoals:1)
  A thorn hunter (Abyss:3)
  Gastronok (D:10)
  4 storm dragons
  7 tengu reavers
  6 shadow dragons
  13 sphinxes
  A kraken (Shoals:4)
  Roxanne (Shoals:3)
  10 azure jellies
  5 revenants
  Ilsuiw (Shoals:4)
  2 daevas
  A nagaraja (Abyss:3)
  12 fire giants
  3 iron dragons
  A draconian scorcher (Depths:5)
  11 frost giants
  14 vault wardens
  11 deep elf sorcerers
  Louise (Depths:4)
  An orc warlord (Vaults:5)
  5 emperor scorpions
  Aizul (Shoals:3)
  A draconian shifter (Depths:5)
  15 balrugs
  12 ghouls
  47 large abominations
  4 ghost moths
  An angel (Abyss:3)
  2 spriggan defenders
  3 cacodemons
  2 draconian stormcallers (Abyss:1)
  2 curse skulls
  2 draconian annihilators (Depths:2)
  2 war gargoyles
  5 deep elf elementalists (Elf:3)
  4 very ugly things
  15 ironheart preservers
  12 reapers
  3 entropy weavers
  15 stone giants
  3 lorocyprocas
  10 vampire knights
  A green draconian (Depths:5)
  12 deep elf annihilators
  A red draconian (Depths:5)
  7 deep elf demonologists
  2 purple draconians
  A white draconian (Depths:5)
  A yellow draconian (Depths:5)
  9 spark wasps
  2 black draconians
  The ghost of KristoblXynda the Nimble, a journeyman DrGl of Ashenzari (D:13)
  4 merfolk javelineers (Shoals:4)
  4 eidola
  3 blizzard demons
  An ettin (shapeshifter) (Vaults:4)
  Snorg (D:11)
  26 mummy priests
  11 deep elf death magi
  3 green deaths
  Josephine (D:10)
  A crystal guardian (Abyss:1)
  14 ettins
  10 jiangshi
  10 death oozes
  23 yaktaur captains
  7 fire dragons
  2 quicksilver dragon zombies (Geh:7)
  A minotaur (Lab)
  Fannar (D:11)
  6 merfolk impalers
  3 deep elf high priests
  34 vault guards
  10 great orbs of eyes
  8 ice dragons
  A hell beast (Depths:1)
  3 spriggan air magi
  4 quicksilver dragon skeletons
  4 rakshasas
  8 hydras
  An anaconda (shapeshifter) (Vaults:5)
  11 merfolk aquamancers
  A juggernaut simulacrum (Depths:1)
  11 deep troll shamans
  Erica (D:10)
  10 centaur warriors
  A catoblepas (Shoals:4)
  5 deep troll earth magi
  51 two-headed ogres
  18 ogre magi
  32 dancing weapons
  42 death scarabs
  5 tengu warriors
  4 death yaks
  12 thrashing horrors
  10 death knights
  6 vampire magi
  41 hell hogs
  4 titan zombies
  40 hell knights
  4 spriggan berserkers
  27 sun demons
  2 storm dragon zombies
  8 orc high priests (Orc:2)
  31 deep elf knights
  An iron golem (Geh:6)
  4 iron trolls
  4 soul eaters
  A fire crab (shapeshifter) (Vaults:4)
  Sonja (D:11)
  26 skeletal warriors
  15 wretched stars
  2 spatial maelstroms
  5 shadow wraiths
  4 unseen horrors
  A ghost moth zombie (Geh:3)
  10 sea snakes
  4 storm dragon skeletons
  11 flayed ghosts
  3 sixfirhies
  2 golden dragon zombies
  A spriggan druid (Depths:1)
  A quicksilver dragon simulacrum (Crypt:1)
  A swamp dragon (Abyss:3)
  An unseen horror (shapeshifter) (Vaults:1)
  7 glowing orange brains
  20 deep trolls
  2 titan skeletons
  2 shadow dragon zombies
  12 wizards
  A death drake (Abyss:3)
  14 ironbrand convokers
  29 necromancers
  4 anaconda zombies
  17 deep elf archers
  A lindwurm (Lair:3)
  21 orc knights
  11 phantasmal warriors
  3 golden dragon skeletons
  23 harpies
  17 orb spiders
  An orb spider (shapeshifter) (Vaults:1)
  3 anaconda skeletons
  A sphinx zombie (D:15)
  78 deep elf magi
  7 fire giant zombies
  5 wolf spider zombies
  38 wolf spiders
  4 orc sorcerers
  A faun (Shoals:1)
  43 ugly things
  A salamander (shapeshifter) (Vaults:5)
  4 oklob plants (Lair:4)
  2 shadow dragon skeletons
  4 iron dragon zombies
  2 cyclopes
  2 frost giant zombies
  18 manticores
  3 shining eyes (Slime:4)
  A faun (shapeshifter) (Vaults:3)
  3 iron dragon skeletons
  2 frost giant skeletons
  5 worldbinders
  12 elephants
  3 guardian serpents
  3 moths of wrath
  2 moths of wrath (shapeshifter)
  4 rust devils
  4 stone giant zombies
  5 merfolk sirens
  A manticore (shapeshifter) (Depths:3)
  3 apocalypse crabs
  A naga mage (Abyss:3)
  2 ice statues
  5 dire elephant zombies
  9 molten gargoyles
  A black mamba (shapeshifter) (Vaults:2)
  2 water nymphs (Shoals:4)
  A shock serpent zombie (Geh:7)
  3 fire giant skeletons
  3 centaur zombies (D:14)
  21 vault sentinels
  3 black mambas
  28 spiny frogs
  3 stone giant skeletons
  5 gargoyles
  A torpor snail (Spider:1)
  2 eyes of devastation
  Psyche (D:8)
  13 smoke demons
  4 orange demons
  A shock serpent skeleton (Geh:5)
  A spiny frog (shapeshifter) (D:13)
  4 dire elephant skeletons
  2 green draconian zombies (Crypt:2)
  6 ice devils
  A catoblepas zombie (Crypt:2)
  12 rime drakes
  A sea snake zombie (Crypt:3)
  3 kobold demonologists (D:14)
  3 emperor scorpion zombies
  12 tormentors
  28 hellions
  13 demonic crawlers
  59 yaktaurs
  21 freezing wraiths
  A golden dragon simulacrum (IceCv)
  3 anaconda simulacra (IceCv)
  5 komodo dragons
  A catoblepas skeleton (Crypt:2)
  11 ancient zymes
  A yaktaur zombie (Depths:1)
  9 trolls
  3 hellwings
  6 efreet
  40 guardian mummies
  27 red devils
  6 tengu conjurers
  2 yaktaur skeletons
  3 meliai (Lair:4)
  A queen bee (Lair:4)
  4 hydra zombies
  A meliai (shapeshifter) (Vaults:5)
  3 polar bears
  49 jumping spiders
  A tengu simulacrum (Depths:3)
  29 merfolk
  3 harpy skeletons
  A raiju (shapeshifter) (D:13)
  18 raiju
  A bog body (Crypt:3)
  A meliai zombie (D:14)
  4 ice dragon zombies
  16 hornets
  2 tyrant leeches (Lair:6)
  6 wind drakes
  A wolf spider simulacrum (Crypt:1)
  5 hydra skeletons
  6 ettin zombies
  26 blink frogs
  A minotaur skeleton (Geh:3)
  A tarantella zombie (Crypt:1)
  9 hippogriffs
  97 slime creatures
  12 dream sheep (Lair:6)
  2 dream sheep (shapeshifter)
  A hippogriff (shapeshifter) (Vaults:5)
  An alligator zombie (Geh:1)
  5 ice dragon skeletons
  3 black mamba zombies
  2 fire dragon zombies
  A frost giant simulacrum (Vaults:2)
  6 snapping turtles
  82 flying skulls
  7 air elementals
  A spriggan (shapeshifter) (Vaults:2)
  2 alligator skeletons
  8 ynoxinuls
  3 dire elephant simulacra (IceCv)
  4 spriggans
  34 water elementals
  14 shadows
  2 vampires (D:13)
  76 redbacks
  25 tarantellas
  7 basilisks
  36 wraiths
  5 wyverns
  7 ettin skeletons
  2 fire dragon skeletons
  32 yaks
  12 ushabtiu
  38 fire elementals
  A fire bat (Abyss:1)
  Eustachio (D:5)
  2 golden eyes (shapeshifter)
  11 golden eyes
  5 neqoxecs
  3 hungry ghosts
  A black mamba skeleton (Crypt:1)
  A human (shapeshifter) (Depths:2)
  11 vampire mosquitoes
  3 spatial vortices
  A merfolk zombie (Geh:1)
  A yaktaur simulacrum (Depths:1)
  6 chaos spawn
  Menkaure (D:5)
  26 small abominations
  3 harpy simulacra
  A deep troll zombie (Crypt:1)
  12 wargs
  2 iron troll simulacra (IceCv)
  2 soldier ants
  A tengu zombie (Depths:1)
  Edmund (D:6)
  3 nagas (Abyss:3)
  An acid dragon (Vaults:2)
  68 hell hounds
  7 water moccasins
  3 hydra simulacra (IceCv)
  A faun skeleton (Crypt:3)
  2 sky beasts
  A torturous demonspawn skeleton (Crypt:3)
  An infernal demonspawn skeleton (Geh:7)
  44 orc warriors
  7 porcupines
  A merfolk skeleton (Geh:7)
  3 floating eyes
  9 ice beasts
  A spiny frog skeleton (Abyss:2)
  A hornet zombie (D:7)
  7 black bears
  2 elf zombies (Vaults:4)
  An ettin simulacrum (IceCv)
  14 necrophages
  A black bear (shapeshifter) (Depths:1)
  8 eyes of draining
  38 ogres
  43 starcursed masses
  5 phantoms
  3 swamp dragon skeletons
  4 boggarts
  A snapping turtle zombie (Geh:3)
  A manticore skeleton (Geh:7)
  19 centaurs
  An elephant skeleton (Crypt:1)
  8 crocodiles
  2 snapping turtle skeletons
  29 wolves
  Blork the orc (D:4)
  28 bullfrogs
  A big kobold (D:10)
  A draconian skeleton (Crypt:1)
  An earth elemental (Elf:3)
  2 elf skeletons
  2 human skeletons
  A human simulacrum (Depths:1)
  12 scorpions
  A troll zombie (Geh:5)
  A swamp dragon simulacrum (IceCv)
  A warg skeleton (Crypt:2)
  A water moccasin skeleton (D:10)
  41 wights
  2 elf simulacra
  39 killer bees
  3 spriggan skeletons
  4 howler monkeys
  A vampire bat (Abyss:3)
  6 electric eels
  13 crimson imps
  3 draconian simulacra (IceCv)
  3 jellies
  7 quasits
  2 bullfrog zombies (D:5)
  5 hounds
  Crazy Yiuf (D:6)
  3 centaur skeletons
  A human zombie (Geh:7)
  46 orc priests
  6 gnoll shamans (D:8)
  28 orc wizards
  Ijyb (D:5)
  A bullfrog skeleton (D:11)
  10 iron imps
  8 iguanas
  16 worker ants
  2 spriggan simulacra (IceCv)
  A polar bear simulacrum (IceCv)
  A troll simulacrum (IceCv)
  A wolf simulacrum (IceCv)
  2 centaur simulacra
  A tengu skeleton (Crypt:3)
  A big kobold skeleton (Crypt:1)
  2 hound skeletons
  3 hound zombies
  51 mummies
  10 gnolls
  3 naga simulacra (IceCv)
  6 ogre simulacra (IceCv)
  2 scorpion zombies
  9 adders
  4 shadow imps
  9 white imps
  16 ufetubi
  2 oozes
  An adder zombie (D:8)
  5 worms
  2 dart slugs
  3 leopard geckos
  133 orcs
  4 ball pythons
  9 bats
  A bat zombie (Crypt:2)
  4 giant cockroaches
  9 goblins
  7 hobgoblins
  5 jackals (D:5)
  6 kobolds
  3 quokkas
  4 frilled lizards
  A goblin zombie (Crypt:1)
  A kobold skeleton (Tomb:3)
  A leopard gecko skeleton (D:4)
  A leopard gecko zombie (Crypt:1)
  An orc simulacrum (Crypt:1)
  An orc zombie (Geh:3)
  9 rats
  A butterfly (Abyss:3)
  A demonic plant (D:14)
  2 fire vortices (Geh:2)
  3 fungi
  2 lurking horrors (Abyss:3)
  5 plants (D:8)
  15 starspawn tentacles
  2 tentacles (Shoals:4)
3813 creatures vanquished.

Vanquished Creatures (collateral kills)
  A water nymph (Shoals:4)
  A snapping turtle (Shoals:4)
  A water elemental (Shoals:4)
3 creatures vanquished.

Vanquished Creatures (others)
  A deep elf master archer (Elf:3)
  A sphinx (Vaults:5)
  An eldritch tentacle (Geh:5)
  An ironheart preserver (Vaults:3)
  2 bennus (Tomb:2)
  5 stone giants
  A lorocyproca (Hell)
  6 yaktaur captains
  A centaur warrior (Vaults:3)
  A satyr (Shoals:4)
  7 death scarabs
  A hell hog (Geh:7)
  An ogre mage (Vaults:3)
  A hell knight (Depths:2)
  2 ironbrand convokers
  6 deep elf archers
  A deep elf mage (Elf:1)
  A cyclops (D:15)
  A manticore (Shoals:4)
  14 yaktaurs
  A hydra zombie (Tomb:2)
  A demonic crawler (Hell)
  A jumping spider (shapeshifter) (Elf:2)
  A merfolk (Shoals:1)
  An alligator zombie (Hell)
  A stone giant simulacrum (Hell)
  11 flying skulls
  A fire dragon skeleton (Tomb:2)
  2 fire elementals
  A human (Shoals:1)
  A hell hound (Geh:7)
  A small abomination (Abyss:1)
  3 centaurs
  2 human skeletons
  A mummy (Tomb:2)
  A white imp (IceCv)
  2 orcs (Vaults:2)
  A bat (Abyss:3)
  A kobold zombie (Geh:3)
  A briar patch (Abyss:3)
  A bush (Lair:6)
  A butterfly (Abyss:3)
  A crawling corpse (Elf:3)
  23 fungi
  57 plants
  36 starspawn tentacles
  8 tentacles (Shoals:4)
  A withered plant (D:15)
218 creatures vanquished.

Grand Total: 4034 creatures vanquished

Notes
Turn   | Place    | Note
-------+----------+-------------------------------------------
     0 | D:1      | kiturien the Minotaur Fighter began the quest for the Orb.
     0 | D:1      | Reached XP level 1. HP: 19/19 MP: 0/0
   133 | D:1      | Reached XP level 2. HP: 21/27 MP: 1/1
   703 | D:2      | Reached XP level 3. HP: 27/33 MP: 2/2
  1280 | D:3      | Reached XP level 4. HP: 34/40 MP: 3/3
  1439 | D:3      | Gained mutation: Scrolls take you a little longer to read. [potion of mutation]
  1439 | D:3      | Gained mutation: You possess an exceptional clarity of mind. [potion of mutation]
  1439 | D:3      | Gained mutation: You are dopey. (Int -2) [potion of mutation]
  1439 | D:3      | Gained mutation: You are partially covered in thin metallic scales. (AC +2) [potion of mutation]
  1945 | D:4      | Reached skill level 1 in Dodging
  1951 | D:4      | Noticed Blork the orc
  1963 | D:4      | Killed Blork the orc
  1963 | D:4      | Reached XP level 5. HP: 4/47 MP: 4/4
  2272 | D:4      | Noticed a phantom
  2293 | D:4      | Killed a phantom
  2293 | D:4      | Reached skill level 5 in Shields
  2529 | D:4      | Reached skill level 5 in Armour
  2529 | D:4      | Reached XP level 6. HP: 48/53 MP: 5/5
  3119 | D:5      | Entered Level 5 of the Dungeon
  3158 | D:5      | Noticed Menkaure
  3160 | D:5      | Noticed Eustachio
  3167 | D:5      | Killed Menkaure
  3167 | D:5      | Reached skill level 5 in Long Blades
  3167 | D:5      | Reached XP level 7. HP: 26/60 MP: 6/6
  3178 | D:5      | Found a staircase to the Ecumenical Temple.
  3189 | Temple   | Entered the Ecumenical Temple
  3395 | Temple   | Became a worshipper of the Wu Jian Council
  3434 | D:5      | Killed Eustachio
  3434 | D:5      | Reached skill level 5 in Fighting
  3558 | D:5      | Found Mynemnua's Book Shop.
  3628 | D:5      | Found Jintusy's General Store.
  3670 | D:5      | Noticed Ijyb
  3671 | D:5      | Paralysed by Ijyb for 3 turns
  3677 | D:5      | Paralysed by Ijyb for 6 turns
  3688 | D:5      | Killed Ijyb
  3723 | D:5      | Found Iruelosmil's Assorted Antiques.
  4104 | D:5      | Reached XP level 8. HP: 15/68 MP: 7/7
  4704 | D:5      | Reached * piety under Wu Jian
  4878 | D:5      | Got a bloodstained trident
  4879 | D:5      | Identified the +1 trident "Trog's Scorn" {drain, +Blink rPois} (You found it on level 5 of the Dungeon)
  5136 | D:6      | Found an iron altar of Okawaru.
  5209 | D:6      | Noticed Edmund
  5237 | D:6      | Killed Edmund
  5257 | D:6      | Identified a scroll of acquirement
  5294 | D:6      | Lost mutation: You are dopey. (Int -2) [potion of mutation]
  5294 | D:6      | Lost mutation: Scrolls take you a little longer to read. [potion of mutation]
  5294 | D:6      | Lost mutation: You are partially covered in thin metallic scales. (AC +2) [potion of mutation]
  5294 | D:6      | Lost mutation: You possess an exceptional clarity of mind. [potion of mutation]
  5294 | D:6      | Gained mutation: Your spells are a little harder to cast, but a little more powerful. [potion of mutation]
  5294 | D:6      | Gained mutation: Your flesh is cold resistant. (rC+) [potion of mutation]
  5576 | D:6      | Lost mutation: Your flesh is cold resistant. (rC+) [potion of mutation]
  5576 | D:6      | Lost mutation: Your spells are a little harder to cast, but a little more powerful. [potion of mutation]
  5576 | D:6      | Gained mutation: You expend magic power (3 MP) to strengthen your wands. [potion of mutation]
  5576 | D:6      | Gained mutation: You are occasionally teleported next to monsters. [potion of mutation]
  5576 | D:6      | Gained mutation: Your body sometimes deteriorates upon taking damage. [potion of mutation]
  5576 | D:6      | Gained mutation: You can translocate small distances at will. [potion of mutation]
  5673 | D:6      | Found a runed door.
  5677 | D:6      | Noticed Crazy Yiuf
  5679 | D:6      | Killed Crazy Yiuf
  5754 | D:7      | Reached XP level 9. HP: 75/75 MP: 8/8
  6117 | D:7      | Lost mutation: You expend magic power (3 MP) to strengthen your wands. [potion of mutation]
  6117 | D:7      | Lost mutation: Your body sometimes deteriorates upon taking damage. [potion of mutation]
  6117 | D:7      | Gained mutation: You are frail. (-10% HP) [potion of mutation]
  6117 | D:7      | Lost mutation: You are frail. (-10% HP) [potion of mutation]
  6117 | D:7      | Gained mutation: You have large cloven feet. [potion of mutation]
  6377 | D:8      | Noticed a two-headed ogre
  6380 | D:8      | Killed a two-headed ogre
  6380 | D:8      | Reached skill level 10 in Long Blades
  6631 | D:8      | Reached ** piety under Wu Jian
  6681 | D:8      | Found a deep blue altar of Sif Muna.
  6738 | D:8      | Reached XP level 10. HP: 86/86 MP: 9/9
  6764 | D:8      | Reached skill level 5 in Dodging
  6862 | D:8      | Got a faintly humming large shield
  6873 | D:8      | Identified the +3 large shield of Lace {Str+2 Dex+4} (You found it on level 8 of the Dungeon)
  6923 | D:8      | Noticed Psyche
  6931 | D:8      | Killed Psyche
  7514 | D:9      | Found a staircase to the Lair.
  7831 | D:9      | Reached *** piety under Wu Jian
  7845 | D:9      | Reached skill level 10 in Shields
  8083 | D:10     | Entered Level 10 of the Dungeon
  8144 | D:10     | Noticed Gastronok
  8161 | D:10     | Reached XP level 11. HP: 88/95 MP: 10/10
  8165 | D:10     | Killed Gastronok
  8237 | D:10     | Noticed Erica
  8246 | D:10     | Killed Erica
  9077 | D:11     | Noticed Sonja
  9112 | D:11     | Noticed Josephine
  9228 | D:10     | Killed Josephine
  9597 | Lair:1   | Entered Level 1 of the Lair of Beasts
  9620 | Lair:1   | Reached skill level 10 in Fighting
 10283 | Lair:2   | Reached skill level 10 in Armour
 10325 | Lair:2   | Found a staircase to the Shoals.
 11070 | Lair:2   | Reached XP level 12. HP: 107/107 MP: 11/11
 11222 | Lair:2   | Lost mutation: You have large cloven feet. [potion of mutation]
 11222 | Lair:2   | Lost mutation: You are occasionally teleported next to monsters. [potion of mutation]
 11222 | Lair:2   | Gained mutation: You passively map a small area around you. [potion of mutation]
 11222 | Lair:2   | Gained mutation: You are partially covered in thin metallic scales. (AC +2) [potion of mutation]
 11222 | Lair:2   | Gained mutation: You are somewhat resistant to further mutation. [potion of mutation]
 11441 | D:11     | Killed Sonja
 11441 | D:11     | Reached **** piety under Wu Jian
 11478 | D:11     | Found a staircase to the Orcish Mines.
 11631 | D:11     | Noticed Snorg
 11636 | D:11     | Killed Snorg
 11745 | Orc:1    | Entered Level 1 of the Orcish Mines
 11857 | Orc:1    | Found a roughly hewn altar of Beogh.
 12065 | Orc:2    | Entered Level 2 of the Orcish Mines
 12093 | Orc:2    | Reached ***** piety under Wu Jian
 12245 | Orc:1    | Found a roughly hewn altar of Beogh.
 12459 | Orc:2    | Found a staircase to the Elven Halls.
 12501 | Orc:2    | Found Ocokuuro's Assorted Antiques.
 12517 | Orc:2    | Bought a pair of embroidered boots for 195 gold pieces
 12549 | Orc:2    | Noticed an orc high priest
 12561 | Orc:2    | Killed an orc high priest
 12592 | Orc:2    | Noticed an orc high priest
 12888 | Orc:2    | Noticed an orc high priest
 12900 | Orc:2    | Killed an orc high priest
 12998 | Orc:2    | Noticed an orc high priest
 13018 | Orc:2    | Killed an orc high priest
 13209 | Orc:2    | Noticed an orc high priest
 13215 | Orc:2    | Noticed an orc high priest
 13337 | Orc:2    | Noticed an orc high priest
 13349 | Orc:2    | Killed an orc high priest
 13353 | Orc:2    | Noticed an orc high priest
 13365 | Orc:2    | Killed an orc high priest
 13369 | Orc:2    | Reached ****** piety under Wu Jian
 13370 | Orc:2    | Found Vaumn's General Store.
 13370 | Orc:2    | Found Pick's General Store.
 13424 | Orc:2    | Found a roughly hewn altar of Beogh.
 13444 | Orc:2    | Found Asotyso's Antique Weapon Emporium.
 13444 | Orc:2    | Found Neagyis's Antique Armour Boutique.
 13485 | Orc:2    | Killed an orc high priest
 13580 | Orc:2    | Bought a scroll of acquirement for 728 gold pieces
 13739 | Orc:2    | Killed an orc high priest
 13743 | Orc:2    | Reached XP level 13. HP: 99/117 MP: 12/12
 14277 | Lair:3   | Found a hole to the Spider Nest.
 14881 | Lair:4   | Reached skill level 15 in Long Blades
 15177 | Lair:4   | You fall through a shaft for 2 floors!
 15177 | Lair:6   | Entered Level 6 of the Lair of Beasts
 15197 | Lair:6   | Found a staircase to the Slime Pits.
 15197 | Lair:6   | Found a viscous altar of Jiyva.
 15213 | Lair:6   | HP: 4/119 [rime drake/flash freeze (19)]
 15397 | Lair:6   | Upgraded the game from 0.21-a0-508-gf08a75f to 0.21-a0-509-gecc5317
 15416 | Lair:6   | Reached XP level 14. HP: 127/127 MP: 13/13
 15483 | Lair:6   | Found a labyrinth entrance.
 15492 | Lair:6   | Reached skill level 15 in Shields
 15494 | Lab      | Entered a labyrinth
 15868 | Lab      | Upgraded the game from 0.21-a0-509-gecc5317 to 0.21-a0-513-gdcb3f5e
 16813 | Lab      | Identified Lee's Grimoire of Earth
 16817 | Lab      | Got a transparent broad axe
 16819 | Lab      | Identified the Almanac of Aerial Fire
 16823 | Lab      | Identified the +3 broad axe of the Realms {speed, Str-5 Dex+4 Stlth+} (You found it in a labyrinth)
 18244 | Lair:5   | Reached skill level 10 in Dodging
 18698 | Spider:1 | Entered Level 1 of the Spider Nest
 18832 | Spider:1 | Noticed an emperor scorpion
 18850 | Spider:1 | Killed an emperor scorpion
 19263 | Spider:1 | Reached XP level 15. HP: 131/137 MP: 14/14
 20372 | Spider:2 | Killed a ghost moth
 20657 | Spider:2 | Noticed a ghost moth
 20659 | Spider:2 | Killed a ghost moth
 20758 | Spider:2 | You fall through a shaft!
 21586 | Spider:4 | Entered Level 4 of the Spider Nest
 21994 | Spider:4 | Reached XP level 16. HP: 73/147 MP: 15/15
 22253 | Spider:4 | Reached skill level 15 in Fighting
 23057 | Elf:1    | Entered Level 1 of the Elven Halls
 23405 | Elf:1    | Found a frozen archway.
 23411 | IceCv    | Entered an ice cave
 24753 | Elf:1    | Reached XP level 17. HP: 50/157 MP: 16/16
 25397 | Elf:1    | Got a slimy short sword
 25398 | Elf:1    | Identified the +0 short sword of Feing {speed, rPois rN+ MR+ Int+3} (You found it on level 1 of the Elven Halls)
 26195 | Elf:2    | Found a runed gate.
 26195 | Elf:2    | Found a runed gate.
 26199 | Elf:2    | Found a runed gate.
 26308 | Elf:2    | Identified Ts'ui Pên's Incunabulum of Forking Paths
 26329 | Elf:2    | Identified Ownokies's Incunabulum of Plaster Cramp
 26723 | Elf:2    | Identified Moedda's Handbook of Dhcmrlchtdj
 27411 | Elf:2    | Upgraded the game from 0.21-a0-513-gdcb3f5e to 0.21-a0-516-gaaff437
 27506 | Elf:2    | Noticed a deep elf blademaster
 27512 | Elf:2    | Killed a deep elf blademaster
 27744 | Elf:3    | Entered Level 3 of the Elven Halls
 27792 | Elf:3    | Reached XP level 18. HP: 168/168 MP: 17/17
 27855 | Elf:3    | Found a deep blue altar of Sif Muna.
 28005 | Elf:3    | Noticed Jorgrun
 28017 | Elf:3    | Killed Jorgrun
 28651 | Elf:3    | Identified the ring of Rupsen {rPois rF+ Slay+5 Stlth+} (You took it off a deep elf death mage on level 3 of the Elven Halls)
 28656 | Elf:3    | Identified the +5 war axe of Pozaes {chop, rPois rC- Str+5 SInv} (You took it off a deep elf death mage on level 3 of the Elven Halls)
 28661 | Elf:3    | Identified the cursed +1 war axe of Kismet {freeze, MR+} (You took it off a deep elf annihilator on level 3 of the Elven Halls)
 29359 | Elf:3    | Cast into level 3 of the Abyss (a deep elf sorcerer)
 29568 | Abyss:3  | Noticed a bone dragon
 29583 | Abyss:3  | Killed a bone dragon
 29712 | Abyss:3  | Noticed a lich
 29723 | Abyss:3  | Killed a lich
 29755 | Elf:3    | Escaped the Abyss
 29913 | Elf:3    | Reached skill level 15 in Armour
 30140 | Elf:3    | Identified the +5 glaive of Chaos {antimagic, rPois} (You took it off a deep elf sorcerer on level 3 of the Elven Halls)
 30431 | Elf:3    | Found the +7 longbow "Piercer" {penet, EV-2}
 30581 | Orc:2    | Bought a scroll of acquirement for 1352 gold pieces
 30581 | Orc:2    | Bought a scroll of identify for 52 gold pieces
 31100 | Spider:4 | Got a gossamer rune of Zot
 31647 | D:11     | Noticed Fannar
 31653 | D:11     | Killed Fannar
 32013 | D:12     | Reached XP level 19. HP: 179/179 MP: 18/18
 32186 | D:12     | Found a blossoming altar of Fedhas.
 33130 | D:13     | Found a hide-covered altar of Uskayaw.
 33130 | D:13     | Found a deep blue altar of Sif Muna.
 33134 | D:13     | Found Fiukhloam's Book Shop.
 33202 | D:13     | Found Essanuph's Jewellery Shoppe.
 33248 | D:13     | Noticed KristoblXynda's ghost (journeyman DrGl)
 33257 | D:13     | Killed KristoblXynda's ghost
 33315 | D:13     | Found a gate to the Vaults.
 34022 | D:5      | Bought a scroll of enchant armour for 157 gold pieces
 34082 | D:5      | Bought a scroll of enchant armour for 75 gold pieces
 34221 | Shoals:1 | Entered Level 1 of the Shoals
 34297 | Shoals:1 | Noticed Kirke
 34302 | Shoals:1 | Killed Kirke
 35523 | Shoals:3 | Noticed Roxanne
 35917 | Shoals:3 | Killed Roxanne
 35929 | Shoals:3 | Found Zoczostre's Weapon Boutique.
 36260 | Shoals:3 | Noticed Aizul
 36269 | Shoals:3 | Killed Aizul
 36326 | Shoals:3 | Noticed Nikola
 36357 | Shoals:3 | Killed Nikola
 36740 | Shoals:4 | Entered Level 4 of the Shoals
 37121 | Shoals:4 | Noticed Polyphemus
 37820 | Shoals:4 | Killed Polyphemus
 37824 | Shoals:4 | Noticed Ilsuiw
 37831 | Shoals:4 | Killed Ilsuiw
 37973 | Shoals:4 | Reached XP level 20. HP: 162/191 MP: 19/19
 38020 | Shoals:4 | Got a barnacled rune of Zot
 38216 | Shoals:4 | Identified Baggeluq's Catalogue of Harmful Curses
 38451 | Vaults:1 | Entered Level 1 of the Vaults
 40036 | Vaults:2 | Found a staircase to the Crypt.
 40398 | Vaults:2 | Reached XP level 21. HP: 199/199 MP: 20/20
 40787 | Vaults:3 | Noticed Mara
 40889 | Vaults:3 | Noticed kiturien's illusion
 40949 | Vaults:3 | Killed Mara
 42808 | Vaults:4 | Reached skill level 27 in Shields
 42878 | Vaults:4 | Reached XP level 22. HP: 206/206 MP: 21/21
 44321 | D:14     | Found Goanig Jaoq's Armour Shop.
 44398 | D:14     | Found a corrupted altar of Lugonu.
 44806 | D:15     | Entered Level 15 of the Dungeon
 45132 | D:15     | Found a staircase to the Depths.
 45493 | Vaults:5 | Entered Level 5 of the Vaults
 45599 | Vaults:5 | Reached skill level 15 in Dodging
 46912 | Vaults:5 | Found Seownesch's Jewellery Boutique.
 46912 | Vaults:5 | Noticed an ancient lich
 46915 | Vaults:5 | Killed an ancient lich
 47051 | Vaults:5 | Reached XP level 23. HP: 212/220 MP: 22/22
 47365 | Vaults:5 | Found Achibbol's Gadget Shoppe.
 47561 | Vaults:5 | Noticed an ancient lich
 47567 | Vaults:5 | Killed an ancient lich
 47744 | Vaults:5 | Found Popas's Distillery.
 47744 | Vaults:5 | Found Nehe's Magic Scroll Emporium.
 47757 | Vaults:5 | Bought a scroll of enchant armour for 165 gold pieces
 47758 | Vaults:5 | Bought a scroll of identify for 44 gold pieces
 47758 | Vaults:5 | Bought a scroll of holy word for 165 gold pieces
 47774 | Vaults:5 | Found Uzaojah's Food Boutique.
 47774 | Vaults:5 | Found Qoedom Pannu's Magic Scroll Shoppe.
 47797 | Vaults:5 | Found Ubran's Distillery.
 47801 | Vaults:5 | Bought a potion of resistance for 180 gold pieces
 47801 | Vaults:5 | Bought a potion of heal wounds for 90 gold pieces
 47801 | Vaults:5 | Bought a potion of curing for 54 gold pieces
 47801 | Vaults:5 | Bought a potion of curing for 54 gold pieces
 47801 | Vaults:5 | Bought a potion of curing for 54 gold pieces
 47809 | Vaults:5 | Found Fiugoo's Distillery.
 47899 | Vaults:5 | Found Irulah's Distillery.
 47899 | Vaults:5 | Found Ofofapy's Magic Scroll Shop.
 47904 | Vaults:5 | Bought a potion of heal wounds for 80 gold pieces
 47916 | Vaults:5 | Bought a scroll of silence for 90 gold pieces
 47916 | Vaults:5 | Bought a scroll of acquirement for 624 gold pieces
 47916 | Vaults:5 | Bought a scroll of silence for 90 gold pieces
 47917 | Vaults:5 | Identified the +2 pair of gloves of the Inquisitive Scars {rC- rN+ Dex+3 Slay+2} (You acquired it on level 5 of the Vaults)
 48334 | Vaults:5 | Found Esesasirgh's Armour Shop.
 48347 | Vaults:5 | Bought the +5 buckler of Dununn {rCorr} for 799 gold pieces
 48545 | Vaults:5 | Got a silver rune of Zot
 49721 | Slime:1  | Entered Level 1 of the Pits of Slime
 50737 | Slime:5  | Entered Level 5 of the Pits of Slime
 50774 | Slime:5  | Noticed the Royal Jelly
 50974 | Slime:5  | Paralysed by a great orb of eyes for 7 turns
 51970 | Slime:5  | Killed the Royal Jelly
 51970 | Slime:5  | Reached XP level 24. HP: 175/234 MP: 22/22
 52412 | Slime:5  | Upgraded the game from 0.21-a0-516-gaaff437 to 0.21-a0-518-g43a1781
 53132 | Slime:5  | Identified the +5 great mace of kiturien's Anguish {crush, *Drain rPois rN++} (You found it on level 5 of the Pits of Slime)
 53143 | Slime:5  | Identified the amulet "Xeteu" {Gourm rC+} (You found it on level 5 of the Pits of Slime)
 53206 | Slime:5  | Identified the +3 scale mail of Untruth {*Corrode +Fly Slay+2} (You found it on level 5 of the Pits of Slime)
 53231 | Slime:5  | Got a slimy rune of Zot
 53610 | Depths:1 | Entered Level 1 of the Depths
 53643 | Depths:1 | Found a gateway to Hell.
 53977 | Depths:1 | Found a corrupted altar of Lugonu.
 53977 | Depths:1 | Found a one-way gate to the infinite horrors of the Abyss.
 54181 | Depths:1 | Found a portal to a secret trove of treasure.
 54394 | Orc:2    | Bought a scroll of identify for 28 gold pieces
 54403 | Orc:2    | Bought a scroll of enchant armour for 112 gold pieces
 54403 | Orc:2    | Bought a scroll of identify for 30 gold pieces
 54553 | D:5      | Bought a scroll of identify for 20 gold pieces
 54613 | D:5      | Bought a scroll of identify for 42 gold pieces
 54613 | D:5      | Bought a scroll of identify for 42 gold pieces
 54882 | Vaults:5 | Bought a scroll of identify for 24 gold pieces
 54882 | Vaults:5 | Bought a scroll of identify for 24 gold pieces
 54893 | Vaults:5 | Bought a scroll of identify for 30 gold pieces
 54893 | Vaults:5 | Bought a scroll of identify for 30 gold pieces
 54893 | Vaults:5 | Bought a scroll of identify for 30 gold pieces
 54904 | Vaults:5 | Bought a scroll of identify for 44 gold pieces
 55139 | Depths:1 | You paid a toll of 22 scrolls of identify to enter a treasure trove
 55140 | Trove    | Entered a treasure trove
 55154 | Trove    | Found the amulet of Vitality {Regen+ HP+15}
 55172 | Trove    | Got a bound jade ring
 55195 | Trove    | Identified the ring "Siuzom Yrrae" {*Tele Dex+2} (You found it in a treasure trove)
 55221 | Trove    | Got a spiked plate armour
 55232 | Trove    | Identified the +8 plate armour of Dithmenos's Outrage {rElec rPois rC+} (You found it in a treasure trove)
 56304 | Depths:2 | Paralysed by a floating eye for 4 turns
 56337 | Depths:2 | Found a flickering gateway to a bazaar.
 56346 | Bazaar   | Entered a bazaar
 56346 | Bazaar   | Found Kacuvowu's Weapon Boutique.
 56357 | Bazaar   | Found Ewosobon's Magic Scroll Shoppe.
 56382 | Bazaar   | Found Cehasch's Armour Shoppe.
 56387 | Bazaar   | Found Lone's General Store.
 56426 | Bazaar   | Bought a scroll of enchant armour for 67 gold pieces
 56449 | Bazaar   | Bought 3 scrolls of enchant armour for 202 gold pieces
 56449 | Bazaar   | Bought a scroll of identify for 18 gold pieces
 56479 | Bazaar   | Bought the ring "Zaeve" {Fire rN++} for 340 gold pieces
 57110 | Depths:2 | Found a runed door.
 57117 | Depths:2 | Found a radiant altar of Vehumet.
 57117 | Depths:2 | Noticed an ancient lich
 57126 | Depths:2 | Killed an ancient lich
 57133 | Depths:2 | Identified Dispater's Tome of Attacks
 57673 | Depths:3 | Noticed Mennas
 57700 | Depths:3 | Killed Mennas
 57734 | Depths:3 | Reached XP level 25. HP: 194/253 MP: 22/22
 57921 | Depths:3 | Found a one-way gate leading to the halls of Pandemonium.
 58020 | Depths:3 | Paralysed by a floating eye for 4 turns
 58825 | Depths:4 | Reached skill level 27 in Fighting
 58925 | Depths:4 | Reached skill level 1 in Evocations
 59157 | Depths:4 | Found a gateway to a ziggurat.
 59157 | Depths:4 | Noticed an ancient lich
 59177 | Depths:4 | Killed an ancient lich
 59548 | Depths:4 | Noticed Louise
 59554 | Depths:4 | Killed Louise
 60168 | Depths:4 | Identified the Collected Works on the Ensnaring Compass
 60169 | Depths:4 | Identified Sif Muna's Grimoire of the Ashen Blaze
 60277 | Depths:5 | Entered Level 5 of the Depths
 60669 | Depths:5 | Found a gate to the Realm of Zot.
 60851 | Depths:5 | Reached XP level 26. HP: 266/266 MP: 24/24
 61015 | Hell     | Entered the Vestibule of Hell
 61015 | Hell     | Noticed Geryon
 61024 | Hell     | Killed Geryon
 61594 | Hell     | Found a gateway to the freezing wastes of Cocytus.
 61718 | Hell     | Found a gateway to the Iron City of Dis.
 61780 | Hell     | Found a gateway to the ashen valley of Gehenna.
 61900 | Hell     | Found a gateway to the decaying netherworld of Tartarus.
 62068 | Depths:4 | Voluntarily entered the Abyss.
 62344 | Abyss:1  | Found a snail-covered altar of Cheibriados.
 62350 | Abyss:1  | Reached skill level 5 in Evocations
 62474 | Abyss:1  | Found a snail-covered altar of Cheibriados.
 62490 | Abyss:1  | Paralysed by you for 2 turns
 62574 | Abyss:1  | Found a stormy altar of Qazlal.
 62605 | Abyss:1  | Found a stormy altar of Qazlal.
 63115 | Abyss:1  | Reached skill level 27 in Long Blades
 63305 | Abyss:1  | Found a roughly hewn altar of Beogh.
 63506 | Abyss:2  | Found a corrupted altar of Lugonu.
 63529 | Abyss:2  | Found a corrupted altar of Lugonu.
 63786 | Abyss:3  | Found a corrupted altar of Lugonu.
 63829 | Abyss:3  | Found a corrupted altar of Lugonu.
 63829 | Abyss:3  | Reached XP level 27. HP: 246/273 MP: 25/27
 64519 | Abyss:3  | Found a corrupted altar of Lugonu.
 64651 | Abyss:3  | Gained mutation: You are occasionally teleported next to monsters. [a cacodemon]
 64769 | Abyss:3  | Got an abyssal rune of Zot
 64882 | Abyss:3  | Paralysed by accursed screaming for 1 turns
 64929 | Depths:4 | Escaped the Abyss
 65340 | Geh:1    | Entered Level 1 of Gehenna
 68020 | Geh:5    | Reached skill level 10 in Evocations
 68519 | Geh:7    | Entered Level 7 of Gehenna
 69331 | Geh:7    | Found the +8 mithril axe "Arga" {speed, MR+}
 69354 | Geh:7    | Identified the +8 shortbow of Hepliaklqana's Favour {velocity, rElec rF+ MR+ Dex-4} (You found it on level 7 of Gehenna)
 69397 | Geh:7    | Noticed the Serpent of Hell
 69416 | Geh:7    | Killed the Serpent of Hell
 69442 | Geh:7    | HP: 2/273 [hellion/damnation (21)]
 69981 | Geh:1    | Lost mutation: You are occasionally teleported next to monsters. [potion of mutation]
 69981 | Geh:1    | Lost mutation: You can translocate small distances at will. [potion of mutation]
 69981 | Geh:1    | Lost mutation: You are somewhat resistant to further mutation. [potion of mutation]
 69981 | Geh:1    | Gained mutation: Your spells are a little harder to cast, but a little more powerful. [potion of mutation]
 69981 | Geh:1    | Gained mutation: You tend to lose your temper in combat. [potion of mutation]
 69981 | Geh:1    | Gained mutation: You can translocate small distances at will. [potion of mutation]
 69982 | Geh:1    | Lost mutation: You tend to lose your temper in combat. [potion of mutation]
 69982 | Geh:1    | Lost mutation: You can translocate small distances at will. [potion of mutation]
 69982 | Geh:1    | Lost mutation: Your spells are a little harder to cast, but a little more powerful. [potion of mutation]
 69982 | Geh:1    | Gained mutation: Your flesh is cold resistant. (rC+) [potion of mutation]
 69982 | Geh:1    | Gained mutation: You have supernaturally acute eyesight. (SInv) [potion of mutation]
 70848 | Geh:7    | Noticed Asmodeus
 70861 | Geh:7    | Killed Asmodeus
 70870 | Geh:7    | Got an obsidian rune of Zot
 70902 | Geh:7    | Got a smoking garnet amulet
 70903 | Geh:7    | Identified the amulet "Xoedofo" {RegenMP rF+ rN+ Str+3 Int+4} (You found it on level 7 of Gehenna)
 72231 | Crypt:1  | Entered Level 1 of the Crypt
 72361 | Crypt:1  | Noticed Khufu
 72361 | Crypt:1  | Noticed a greater mummy
 72367 | Crypt:1  | Killed Khufu
 72368 | Crypt:1  | Noticed a greater mummy
 72375 | Crypt:1  | Killed a greater mummy
 72380 | Crypt:1  | Killed a greater mummy
 72380 | Crypt:1  | Lost intelligence.
 72384 | Crypt:1  | Noticed a greater mummy
 72391 | Crypt:1  | Killed a greater mummy
 72518 | Vaults:5 | Bought a potion of curing for 33 gold pieces
 72518 | Vaults:5 | Bought a potion of agility for 44 gold pieces
 72518 | Vaults:5 | Bought a potion of brilliance for 44 gold pieces
 72518 | Vaults:5 | Bought a potion of agility for 44 gold pieces
 72518 | Vaults:5 | Bought a potion of heal wounds for 55 gold pieces
 72518 | Vaults:5 | Bought a potion of resistance for 110 gold pieces
 72518 | Vaults:5 | Bought a potion of resistance for 110 gold pieces
 72518 | Vaults:5 | Bought a potion of brilliance for 44 gold pieces
 72560 | Vaults:4 | Lost intelligence.
 72652 | D:13     | Bought a +5 ring of intelligence for 741 gold pieces
 72739 | Crypt:1  | Reached skill level 27 in Armour
 73834 | Crypt:2  | Noticed Margery
 73845 | Crypt:2  | Killed Margery
 74257 | Crypt:2  | Identified the cursed +2 battleaxe of the Absolute Madman {freeze, rF+} (You found it on level 2 of the Crypt)
 74405 | Crypt:3  | Entered Level 3 of the Crypt
 74732 | Crypt:3  | Found the +8 demon blade "Bloodbane" {slice, *Rage +Rage Stlth-}
 74797 | Crypt:3  | Noticed Bai Suzhen
 74810 | Crypt:3  | Killed Bai Suzhen
 74908 | Crypt:3  | Noticed Sojobo
 74924 | Crypt:3  | Killed Sojobo
 75282 | Crypt:3  | Noticed an ancient lich
 75286 | Crypt:3  | Killed an ancient lich
 75292 | Crypt:3  | Got a flickering bone amulet
 75293 | Crypt:3  | Identified the amulet "Canyem" {rC+++ rN+ Regen+ Str+4 Int-4} (You found it on level 3 of the Crypt)
 75475 | Crypt:3  | Found a staircase to the Tomb.
 75489 | Tomb:1   | Entered Level 1 of the Tomb of the Ancients
 76939 | Tomb:1   | Gained mutation: Your spells are a little easier to cast, but a little less powerful. [mutagenic glow]
 76945 | Tomb:2   | Noticed an ancient lich
 76948 | Tomb:2   | Noticed a greater mummy
 76950 | Tomb:2   | Noticed a greater mummy
 76955 | Tomb:2   | Killed an ancient lich
 76957 | Tomb:2   | Noticed a greater mummy
 78200 | Tomb:2   | Killed a greater mummy
 78944 | Tomb:2   | Killed a greater mummy
 78955 | Tomb:2   | Killed a greater mummy
 79314 | Tomb:1   | Noticed a greater mummy
 79314 | Tomb:1   | Noticed a greater mummy
 79326 | Tomb:1   | Killed a greater mummy
 79331 | Tomb:1   | Killed a greater mummy
 79357 | Tomb:1   | Noticed a greater mummy
 79366 | Tomb:1   | Killed a greater mummy
 79420 | Tomb:1   | Noticed a greater mummy
 79422 | Tomb:1   | Noticed a greater mummy
 79831 | Tomb:1   | Killed a greater mummy
 79836 | Tomb:1   | Killed a greater mummy
 80182 | Tomb:1   | Noticed a greater mummy
 80191 | Tomb:1   | Killed a greater mummy
 80401 | Tomb:1   | Noticed a greater mummy
 80410 | Tomb:1   | Killed a greater mummy
 80412 | Tomb:1   | Noticed a greater mummy
 80418 | Tomb:1   | Noticed a greater mummy
 80421 | Tomb:1   | Killed a greater mummy
 80421 | Tomb:1   | Reached skill level 15 in Evocations
 80426 | Tomb:1   | Killed a greater mummy
 80432 | Tomb:1   | Noticed a greater mummy
 80439 | Tomb:1   | Killed a greater mummy
 80691 | Tomb:2   | Found the +6 arbalest "Damnation" {damnation}
 80811 | Tomb:3   | Entered Level 3 of the Tomb of the Ancients
 80890 | Tomb:3   | Noticed a greater mummy
 80903 | Tomb:3   | Killed a greater mummy
 80915 | Tomb:3   | Noticed a greater mummy
 80918 | Tomb:3   | HP: 11/273 [??? (4)]
 80919 | Tomb:3   | Killed by a guardian mummy's death curse

Vault maps used:
D:1:      lightli_iron_boxes, st_stairs_11, minmay_shallow_snake_nest
D:2:      first_bread
D:4:      uniq_blork_the_orc
D:5:      kennysheep_windowed_halls, minmay_temple_entry_mist, serial_shops,
          nicolae_shop_temple_entry_statues_fountains, shop,
          nicolae_shop_crystal, uniq_menkaure, uniq_eustachio, uniq_ijyb
D:6:      okawaru_ov_weapons_minmay, uniq_edmund, uniq_crazy_yiuf_cottage
D:8:      kennysheep_seaside_town, led_sif_pool, uniq_psyche
D:9:      due_lair_maze_entry_diamond
D:10:     uniq_gastronok, uniq_erica
D:11:     orc_david_3, uniq_fannar, uniq_sonja, uniq_snorg, uniq_josephine
D:12:     basic_altar
D:13:     lightli_vaults_fourway_checkpoint, serial_shops, shop,
          nicolae_shop_crystal, jmf_multi_god_temple
D:14:     kennysheep_kobold_lugonu_temple, minmay_stone_trees_small,
          serial_shops, nicolae_shop_stone, hangedman_fish_farm
D:15:     gammafunk_depths_entry_grave, minmay_misc_feat_ornament
Temple:   compressed_dpeg_triangle_lava_temple
Lair:1:   grunt_megastairs_3
Lair:2:   minmay_shoals_entry_beasts
Lair:3:   nicolae_spider_entry_non_spiders, forest_entry_grove,
          serial_bayou_shore_a
Lair:4:   hangedman_what_comes_after_a, wad_woods_river_03
Lair:6:   minmay_lair_end_frog_pond, slime_altar_1, lab_entry_generic,
          nicolae_quartered_pool_little, minmay_lair_drake_nest
Shoals:1: cheibrodos_shoals_baths, uniq_kirke
Shoals:3: serial_shops, shop, uniq_nikola, uniq_aizul, uniq_roxanne
Shoals:4: shoals_end_grunt_ice, shoals_ilsuiw_ice, uniq_polyphemus
Spider:1: spiders_nest_scorpion_pit
Spider:2: spider_trap
Spider:4: grunt_spider_rune_parallel
Orc:1:    basic_altar, abandoned_shop, minmay_orc_temple_b
Orc:2:    st_orc_town, special_room, serial_shops, shop_coins
Elf:1:    eino_elf_arrival_shootout, portal_ice_cave_entry_horrid_things,
          minivault_28, hangedman_elven_crosses_minicolossus
Elf:2:    bh_hangedman_babel_library
Elf:3:    elf_hall, basic_altar, uniq_jorgrun
Vaults:1: v_alt_pattern_6, vaults_room_door_hall, vaults_room_pool,
          vaults_standard_mumra_x, vaults_room_fancy_cross,
          vaults_mumra_minichess_inversion, vaults_dpeg_diagonal,
          nicolae_vaults_border_crossing,
          nicolae_vaults_windows_and_doors_thing, vaults_dpeg_encased_lava
Vaults:2: nicolae_vaults_shelves_hall, v_misc_26, minmay_crypt_entry_simple_box,
          nicolae_vaults_triangles, v_misc_2, v_misc_2,
          nicolae_vaults_specimen_jars, ontoclasm_vaults_pinch,
          hangedman_vaults_stagger, nicolae_vaults_know_your_exits
Vaults:3: st_check, ontoclasm_vaults_bender, v_misc_27,
          nicolae_vaults_little_squares_5, v_alt_pattern_5, grunt_vaults_focal,
          ontoclasm_vaults_ring_small, dpeg_vaults_monster_box,
          ontoclasm_vaults_chip, hangedman_vaults_stream, uniq_mara
Vaults:4: nicolae_vaults_quadrants, vaults_dpeg_doors,
          nicolae_vaults_little_squares_4, vaults_room_pools,
          vaults_standard_mumra_enter_the_diamond, v_pattern_1, v_misc_19,
          ontoclasm_vaults_decontamination
Vaults:5: serial_shops
Crypt:1:  uniq_khufu
Crypt:2:  basic_stair_grate_trap, grunt_megastairs_4, uniq_margery
Crypt:3:  david_glass_crypt, nicolae_tomb_entry_rubble_hallway, uniq_sojobo,
          uniq_bai_suzhen
Depths:1: abyss_entry_flame_altar, grunt_mini_vestibule, enter_trove_2,
          minmay_misc_feat_five, serial_bayou_pond_d, st_stairs_10,
          kilobyte_rumbling_trees, infiniplex_staircase_pool_lava
Depths:2: minmay_dotted_concentric_squares, abyss_entry, serial_shops,
          bzr_entry_safe, nrook_mini_vaults, pf_hell_entry_tar_spiral,
          grunt_absolute_annihilation
Depths:3: minmay_chopped_fan, abyss_entry, grunt_decor_clamped,
          rand_demon_pan_entry_7, grunt_hell_entry_dis_mu,
          minmay_staircase_bubble, uniq_mennas
Depths:4: cheibrodos_lost_city_excavation, enter_ziggurat_c,
          nicolae_abyss_entry_one_way_or_another, pf_vacation_house_of_asmodeus,
          kennysheep_small_square
Depths:5: grunt_zot_entry_tricorne, rand_demon_pan_entry_8, hell_entry
Geh:7:    geh_grunt
Abyss:1:  minivault_20, hangedman_abyss_or_decor_slice
Abyss:3:  gammafunk_corrupted_shrine, hangedman_abyss_batty_box
Lab:      nicolae_lab_dead_adventurers, nicolae_lab_flowing_pool
Bazaar:   bazaar_kb_twisted_cavern
Trove:    trove_garden
IceCv:    ice_cave_caverns_02

Skill      XL: |  1  2  3  4  5  6  7  8  9 10 11 12 13 14 15 16 17 18 19 20 21 22 23 24 25 26 27 |
---------------+----------------------------------------------------------------------------------+-----
Shields        | 4 5 6 8 10 12 13 14 16 17 19 20 21 22 24 27 | 27.0
Fighting       | 4 5 6 7 8 10 11 12 13 14 15 16 18 19 21 22 25 27 | 27.0
Long Blades    | 3 4 5 6 8 10 12 14 15 16 17 18 19 20 21 22 23 25 27 | 27.0
Armour         | 4 5 6 7 8 9 10 11 12 13 14 15 16 17 18 20 27 | 27.0
Dodging        | 1 2 3 4 6 7 8 9 10 11 12 13 14 15 16 17 24 | 24.5
Evocations     | 3 7 15 | 15.6

Action                   |  1- 3 |  4- 6 |  7- 9 | 10-12 | 13-15 | 16-18 | 19-21 | 22-24 | 25-27 || total
-------------------------+-------+-------+-------+-------+-------+-------+-------+-------+-------++-------
Melee: Long sword        |   109 |   121 |   201 |       |       |       |       |       |       ||   431
       Headbutt          |    16 |    19 |    77 |   143 |   223 |   320 |   456 |   560 |  1270 ||  3084
       Double sword      |       |       |    99 |   657 |  1002 |  1113 |  1445 |  1527 |  1431 ||  7274
       Kick              |       |       |     9 |   136 |       |       |       |       |       ||   145
       Eudemon blade     |       |       |       |       |       |       |       |       |  2298 ||  2298
 Abil: Blink             |       |       |       |       |       |       |       |     3 |       ||     3
Evoke: Wand              |       |       |       |       |       |       |       |     3 |     4 ||     7
  Use: Scroll            |       |     8 |     6 |    13 |    15 |    19 |    13 |    16 |    19 ||   109
       Potion            |       |     5 |     6 |     3 |    10 |     2 |     4 |     7 |    27 ||    64
 Stab: Invisible         |       |       |       |       |     3 |       |       |       |     1 ||     4
       Distracted        |       |       |       |       |     2 |     2 |       |       |     2 ||     6
       Sleeping          |       |       |       |       |     2 |       |       |       |       ||     2
       Fleeing           |       |       |       |       |       |     1 |       |       |       ||     1
       Held in net/web   |       |       |       |       |       |       |     2 |       |       ||     2
  Eat: Chunk             |     1 |     6 |     8 |    15 |    17 |    14 |    24 |    17 |    12 ||   114
       Bread ration      |       |       |     1 |     1 |     2 |     2 |     3 |     5 |    15 ||    29
       Meat ration       |       |       |       |     1 |       |     2 |       |     3 |       ||     6
       Fruit             |       |       |       |       |     1 |     1 |       |       |       ||     2
Armor: Scale mail        |    59 |    39 |    96 |    87 |       |    47 |       |       |       ||   328
       Troll leather arm |       |       |       |    12 |   198 |    72 |       |       |       ||   282
       Plate armour      |       |       |       |       |       |    16 |   215 |   295 |   446 ||   972
Dodge: Dodged            |    35 |    36 |   110 |   116 |   353 |   215 |   298 |   327 |   728 ||  2218
Block: Shield            |    56 |    70 |   191 |    24 |       |       |       |       |       ||   341
       Large shield      |       |       |       |   440 |  1096 |   888 |  1329 |  1305 |  2815 ||  7873
       Reflection        |       |       |       |       |    10 |   111 |   173 |   133 |    90 ||   517
       Rpst.: Long sword |    10 |     4 |    24 |       |       |       |       |       |       ||    38
       Double sword      |       |       |     5 |    28 |    53 |    29 |    41 |    54 |    45 ||   255
       Eudemon blade     |       |       |       |       |       |       |       |       |    68 ||    68

Table legend:
 A = Spawn XP
 B = Non-spawn XP
 C = Spawn XP percentage of total XP
 D = Spawn monster count
 E = Non-spawn monster count
 F = Spawn count percentage of total count
 G = Total turns spent on level
                    A         B        C        D         E        F      G
               +---------+---------+-------+---------+---------+-------+---------
         Total |   96283 | 2195127 |   4.2 |     170 |    3640 |   4.5 | 80919
               +---------+---------+-------+---------+---------+-------+---------
           D:1 |       0 |      33 |   0.0 |       0 |      20 |   0.0 |   679
           D:2 |       0 |      39 |   0.0 |       0 |      14 |   0.0 |   482
           D:3 |       0 |      53 |   0.0 |       0 |      19 |   0.0 |   744
           D:4 |       0 |     462 |   0.0 |       0 |      18 |   0.0 |  1214
           D:5 |       0 |    1616 |   0.0 |       0 |      40 |   0.0 |  1963
           D:6 |       0 |     574 |   0.0 |       0 |      10 |   0.0 |   719
           D:7 |       0 |    1371 |   0.0 |       0 |      25 |   0.0 |   626
           D:8 |       0 |    2953 |   0.0 |       0 |      36 |   0.0 |  1206
           D:9 |       0 |    3107 |   0.0 |       0 |      34 |   0.0 |   825
          D:10 |       0 |    6671 |   0.0 |       0 |      23 |   0.0 |  1590
          D:11 |       0 |    5706 |   0.0 |       0 |      33 |   0.0 |  1166
          D:12 |       0 |    4186 |   0.0 |       0 |      24 |   0.0 |  1382
          D:13 |       0 |   16458 |   0.0 |       0 |      41 |   0.0 |   929
          D:14 |       0 |   13311 |   0.0 |       0 |      35 |   0.0 |   921
          D:15 |       0 |   15015 |   0.0 |       0 |      47 |   0.0 |   719
        Lair:1 |       0 |    1797 |   0.0 |       0 |       9 |   0.0 |   841
        Lair:2 |       0 |    4612 |   0.0 |       0 |      18 |   0.0 |  1398
        Lair:3 |       0 |    7072 |   0.0 |       0 |      29 |   0.0 |   831
        Lair:4 |       0 |   19815 |   0.0 |       0 |      95 |   0.0 |  1263
        Lair:5 |       0 |    7939 |   0.0 |       0 |      24 |   0.0 |  1039
        Lair:6 |       0 |   25409 |   0.0 |       0 |     104 |   0.0 |  1194
      Shoals:1 |       0 |   14583 |   0.0 |       0 |      30 |   0.0 |   704
      Shoals:2 |       0 |    9615 |   0.0 |       0 |      21 |   0.0 |   639
      Shoals:3 |       0 |   14716 |   0.0 |       0 |      20 |   0.0 |  1525
      Shoals:4 |       0 |   44470 |   0.0 |       0 |      71 |   0.0 |  1241
      Spider:1 |       0 |   22948 |   0.0 |       0 |      61 |   0.0 |  1666
      Spider:2 |       0 |    7887 |   0.0 |       0 |      12 |   0.0 |   927
      Spider:3 |       0 |   14843 |   0.0 |       0 |      40 |   0.0 |   610
      Spider:4 |       0 |   45969 |   0.0 |       0 |     123 |   0.0 |  1461
       Slime:1 |       0 |    4667 |   0.0 |       0 |      10 |   0.0 |   196
       Slime:2 |       0 |     759 |   0.0 |       0 |       2 |   0.0 |    98
       Slime:3 |       0 |    5918 |   0.0 |       0 |      14 |   0.0 |   168
       Slime:4 |       0 |   18008 |   0.0 |       0 |      37 |   0.0 |  2198
       Slime:5 |       0 |   45742 |   0.0 |       0 |      35 |   0.0 |  1016
         Orc:1 |       0 |    1926 |   0.0 |       0 |      37 |   0.0 |   772
         Orc:2 |       0 |   10640 |   0.0 |       0 |      99 |   0.0 |  1933
         Elf:1 |       0 |   39235 |   0.0 |       0 |      65 |   0.0 |  1481
         Elf:2 |       0 |   58826 |   0.0 |       0 |      80 |   0.0 |  2262
         Elf:3 |       0 |   61799 |   0.0 |       0 |      52 |   0.0 |  2143
      Vaults:1 |       0 |   56471 |   0.0 |       0 |     100 |   0.0 |  1416
      Vaults:2 |       0 |   54904 |   0.0 |       0 |      83 |   0.0 |  1393
      Vaults:3 |       0 |   83948 |   0.0 |       0 |     119 |   0.0 |  1826
      Vaults:4 |       0 |   55110 |   0.0 |       0 |      87 |   0.0 |  1504
      Vaults:5 |       0 |  172640 |   0.0 |       0 |     156 |   0.0 |  3248
       Crypt:1 |       0 |   46897 |   0.0 |       0 |      37 |   0.0 |   706
       Crypt:2 |       0 |   53400 |   0.0 |       0 |      66 |   0.0 |  1271
       Crypt:3 |       0 |   79278 |   0.0 |       0 |      45 |   0.0 |   994
        Tomb:1 |       0 |  110941 |   0.0 |       0 |      81 |   0.0 |  4278
        Tomb:2 |       0 |   59054 |   0.0 |       0 |      76 |   0.0 |  1044
        Tomb:3 |       0 |   47295 |   0.0 |       0 |      72 |   0.0 |   108
      Depths:1 |       0 |   36586 |   0.0 |       0 |      64 |   0.0 |  1248
      Depths:2 |       0 |   80510 |   0.0 |       0 |      78 |   0.0 |  1261
      Depths:3 |       0 |   67453 |   0.0 |       0 |      61 |   0.0 |  1142
      Depths:4 |       0 |   76338 |   0.0 |       0 |      75 |   0.0 |  1989
      Depths:5 |       0 |   46667 |   0.0 |       0 |      50 |   0.0 |  1157
          Hell |       0 |   40895 |   0.0 |       0 |      62 |   0.0 |  3469
         Geh:1 |       0 |   21643 |   0.0 |       0 |      49 |   0.0 |   361
         Geh:2 |       0 |   19309 |   0.0 |       0 |      36 |   0.0 |   511
         Geh:3 |       0 |   41305 |   0.0 |       0 |      89 |   0.0 |   402
         Geh:4 |       0 |   34295 |   0.0 |       0 |      85 |   0.0 |   424
         Geh:5 |       0 |   53552 |   0.0 |       0 |      98 |   0.0 |   634
         Geh:6 |       0 |   21362 |   0.0 |       0 |      48 |   0.0 |   221
         Geh:7 |       0 |  120599 |   0.0 |       0 |     147 |   0.0 |  1265
       Abyss:1 |   45944 |   75037 |  38.0 |      81 |      97 |  45.5 |  1436
       Abyss:2 |    8149 |    4331 |  65.3 |      14 |      10 |  58.3 |   282
       Abyss:3 |   42190 |   62129 |  40.4 |      75 |      98 |  43.4 |  1539
           Lab |       0 |    2746 |   0.0 |       0 |       5 |   0.0 |  1335
         IceCv |       0 |    9682 |   0.0 |       0 |      59 |   0.0 |  1080
               +---------+---------+-------+---------+---------+-------+---------
